 Dungeon Crawl Stone Soup version 0.18-a0-1350-g404b4cb (webtiles) character file.

121 Kidiri the Magician (level 4, 0/24 HPs)
             Began as a Deep Elf Wizard on Feb 18, 2016.
             Slain by a worker ant (5 damage)
             ... on level 4 of the Dungeon.
             The game lasted 00:13:06 (3914 turns).

Kidiri the Magician (Deep Elf Wizard)               Turns: 3914, Time: 00:13:07

Health: 0/24       AC:  4    Str:  3 (4)  XL:     4   Next: 77%
Magic:  4/13       EV: 11    Int: 21 (24) God:
Gold:   159        SH:  0    Dex: 12 (15) Spells: 6 memorised, 1 level left

rFire  . . .     SeeInvis .     p - +0 rapier
rCold  . . .     Gourm    .     m - +0 leather armour
rNeg   . . .     Faith    .     (no shield)
rPois  .         Spirit   .     b - +0 hat
rElec  .         Dismiss  .     t - +0 cloak
rCorr  .         Reflect  .     (no gloves)
SustAt .         Harm     .     (no boots)
MR     .....                    (no amulet)
Stlth  ++........               (no ring)
                                i - +2 ring of dexterity

@: not resistant to hostile enchantments, unstealthy
A: no striking features
a: no special abilities


You were on level 4 of the Dungeon.
You were not hungry.

You visited 1 branch of the dungeon, and saw 4 of its levels.

You collected 159 gold pieces.

Inventory:

Hand Weapons
 p - a +0 rapier (weapon)
Armour
 b - a +0 hat (worn)
 m - a +0 leather armour (worn)
 t - a +0 cloak (worn)
Jewellery
 i - a +2 ring of dexterity (left hand)
Wands
 g - a wand of iceblast (2/15)
 r - a wand of lightning (9/15)
Scrolls
 a - a scroll of enchant armour {unknown}
 f - a scroll of immolation {unknown}
 j - a scroll of blinking {unknown}
 n - 3 scrolls of teleportation {unknown}
 o - a scroll of amnesia {unknown}
 q - 2 scrolls of remove curse
Potions
 e - a potion of might
 k - 2 potions of degeneration
Books
 c - a book of Minor Magic

   Spells                             Type                      Level
   a - Magic Dart                     Conjuration                  1
   b - Blink                          Translocation                2
   c - Call Imp                       Summoning                    2
   d - Repel Missiles                 Charms/Air                   2
   e - Slow                           Hexes                        2
   f - Conjure Flame                  Conjuration/Fire             3
   g - Mephitic Cloud                 Conjuration/Poison/Air       3
Comestibles
 d - 4 bread rations
 h - 8 fruits
 l - 2 slices of pizza
 s - 3 chunks of flesh
 u - a meat ration


   Skills:
 + Level 0.8 Fighting
 + Level 1.0 Armour
 * Level 3.3 Dodging
 + Level 2.9 Stealth
 * Level 5.0 Spellcasting
 + Level 1.8 Conjurations
 + Level 0.6 Hexes
 + Level 1.5 Charms
 + Level 1.4 Summonings
 + Level 1.5 Translocations
 + Level 0.0 Fire Magic
 + Level 0.8 Air Magic


You had one spell level left.
You knew the following spells:

 Your Spells              Type           Power        Failure   Level  Hunger
a - Magic Dart            Conj           ##..         12%         1    None
b - Blink                 Tloc           N/A          21%         2    None
c - Call Imp              Summ           ##......     21%         2    None
d - Repel Missiles        Chrm/Air       ##....       24%         2    None
e - Slow                  Hex            #.......     28%         2    None
f - Conjure Flame         Conj/Fire      #.......     45%         3    ##.....


Dungeon Overview and Level Annotations

Branches:
Dungeon (4/15)
 Temple: D:4-7

Altars:
Ru

Annotations:
D:4 Doomer's ghost, amateur MiBe


Message History

You blink.
Casting: Blink
Confirm with . or Enter, or press ? or * to list all spells.
You blink.
Unknown command.
Unknown command.
Found an escape hatch in the floor.
Found a ring mail.
The worker ant barely misses you.
Drink which item? (? for menu, Esc to quit)
Okay, then.
Unknown command.
Drink which item? (? for menu, Esc to quit)
It was a potion of degeneration.
There was something very wrong with that liquid.
You feel weakened.
You feel dopey.
You feel clumsy. The worker ant closely misses you.
Unknown command.
The worker ant bites you.
You die...

#...5...###.##.##....##.......[.
#.........#.##..................
#.....###.#.###.................
##...........# #........###......
#...##.......# #.................
#...##.......# #.................
#...##.......# #.......)....#....
#............##########.....#....
#...............@a.....#....#....
#...........................# ...
##.....a.÷..................# ...
#...........#######÷.......# ..
#....####..<.....##........#
#....####.....§..##........#
#..........5.................
#.............................
............................


You could see a worker ant.

Vanquished Creatures
  3 adders
  An ooze (D:2)
  A worm (D:2)
  3 giant geckos
  10 orcs
  3 giant cockroaches
  8 goblins
  10 hobgoblins
  3 jackals (D:2)
  A quokka (D:4)
  11 bats
  A giant newt (D:4)
  6 kobolds
  12 rats
73 creatures vanquished.

Notes
Turn   | Place    | Note
--------------------------------------------------------------
     0 | D:1      | Kidiri the Deep Elf Wizard began the quest for the Orb.
     0 | D:1      | Reached XP level 1. HP: 10/10 MP: 7/7
   341 | D:1      | Reached XP level 2. HP: 16/16 MP: 3/9
   345 | D:1      | Learned a level 2 spell: Blink
   348 | D:1      | Learned a level 2 spell: Call Imp
   351 | D:1      | Learned a level 2 spell: Repel Missiles
   354 | D:1      | Learned a level 2 spell: Slow
   977 | D:2      | Reached XP level 3. HP: 10/20 MP: 0/11
  1413 | D:2      | Reached skill level 1 in Charms
  1925 | D:2      | Found a sacrificial altar of Ru.
  2227 | D:2      | Reached XP level 4. HP: 20/24 MP: 0/12
  2236 | D:2      | Learned a level 3 spell: Conjure Flame
  2526 | D:3      | Reached skill level 1 in Armour
  3768 | D:4      | Reached skill level 5 in Spellcasting
  3837 | D:4      | Noticed Doomer's ghost (amateur MiBe)
  3863 | D:4      | HP: 1/24 [worker ant (3)]
  3914 | D:4      | Slain by a worker ant

Vault maps used:
D:1:      saegor_arrival_simple_a, st_stairs_13
D:2:      old_standard_altar, grunt_ministairs_12
D:4:      nicolae_overflow_hidden_temple, nicolae_tso_besieged_by_evil,
          kennysheep_small_spiral

Action                   |  1- 3 |  4- 6 || total
-------------------------+-------+-------++-------
Melee: Unarmed           |     1 |       ||     1
       Club              |     1 |       ||     1
       Dagger            |    19 |       ||    19
       Rapier            |     7 |    18 ||    25
 Cast: Magic Dart        |   126 |    75 ||   201
       Call Imp          |       |     5 ||     5
       Blink             |       |     2 ||     2
  Use: Scroll            |     7 |       ||     7
       Potion            |     1 |     1 ||     2
 Stab: Sleeping          |     1 |     3 ||     4
  Eat: Chunk             |     4 |     3 ||     7
       Beef jerky        |       |     1 ||     1
